cohdb
Replays
Latest Replays
All Replays
Popular Replays
Top Player Replays
Match Explorer
How It Works
Community
CoH3 Stats
Reddit
Sign in to upload your games and track your stats! →
Sign in with Steam
Match 38489034
Unlisted
Match 38489034
Overview
Messages
Build Orders
End
Royal Engineer Section
Selects Indian Artillery Battlegroup
Construct Section Command Post
Infantry Section
Infantry Section
Infantry Section
Vickers Machine Gun Team
Selects Valour
Construct Platoon Command Post
Selects Gurkha Rifles Section
Unlock M3 Stuart Light Tanks
Construct Field Infirmary
M3 Stuart Light Tank
Grenade Package
Infantry Section
Selects Pillage
M3 Stuart Light Tank
M3 Stuart Light Tank
6-pounder Anti-tank Gun Team
Selects Towed ML 4.2-inch Heavy Mortar
Selects Off-map Airburst Barrage
M3 Stuart Light Tank
Selects Perimeter Monitor
Off-map Airburst Barrage
BIOHAZARD
Павел NF
0
0
Comments
sign in to comment!
No comments posted yet!